 Dungeon Crawl Stone Soup version 0.22-a0-570-g58866f5 (webtiles) character file.

142 Ekaitz the Caller (level 5, -1/22 HPs)
             Began as a Felid Summoner on July 1, 2018.
             Slain by a bullfrog (6 damage)
             ... in a sewer.
             The game lasted 00:11:57 (3455 turns).

Ekaitz the Caller (Felid Summoner)                  Turns: 3455, Time: 00:11:58

Health: -1/22      AC:  1    Str:  4    XL:     5   Next: 3%
Magic:  3/10       EV: 19    Int: 16    God:
Gold:   103        SH:  0    Dex: 18    Spells: 3/9 levels left
                                        Lives:  0   Deaths: 1

rFire    . . .     SeeInvis +     - Unarmed
rCold    . . .     Gourm    .   (shield unavailable)
rNeg     . . .     Faith    .   (armour unavailable)
rPois    .         Spirit   .   (helmet unavailable)
rElec    .         Reflect  .   (cloak unavailable)
rCorr    .         Harm     .   (gloves unavailable)
MR       .....                  (boots unavailable)
Stlth    +++.......             (no amulet)
HPRegen  0.07/turn              (no ring)
MPRegen  0.12/turn              (no ring)

@: very slightly contaminated, quick
A: very small, no armour, no weapons or thrown items, stealth, claws 1, fangs 3,
see invisible, carnivore, speed 1, shaggy fur 1, slow metabolism 1, sharp paws
a: no special abilities


You were in a sewer.
You were not hungry.

You visited 1 branch of the dungeon, and saw 3 of its levels.
You also visited: Sewer.

You collected 103 gold pieces.

Inventory:

Jewellery
 n - an uncursed ring of fire
 r - an uncursed amulet of faith
Scrolls
 a - 2 scrolls of random uselessness {unknown}
 c - 2 scrolls of enchant weapon {unknown}
 d - a scroll of immolation {unknown}
 e - 4 scrolls of enchant armour {unknown}
 f - a scroll of teleportation {unknown}
 g - a scroll of fear {unknown}
 i - 4 scrolls of identify {unknown}
 k - a scroll of blinking {unknown}
 m - a scroll of amnesia {unknown}
 p - a scroll of remove curse {unknown}
Potions
 q - a potion of agility {unknown}
 s - a potion of magic {unknown}
 t - a potion of might {unknown}
Comestibles
 b - 4 rations


   Skills:
 * Level 1.9 Fighting
 + Level 3.3 Dodging
 + Level 3.5 Stealth
 * Level 2.6 Unarmed Combat
 + Level 2.8 Spellcasting
 + Level 5.0 Summonings


You had 3 spell levels left.
You knew the following spells:

 Your Spells              Type           Power        Failure   Level  Hunger
a - Summon Small Mammal   Summ           ###.         2%          1    #......
b - Call Imp              Summ           ###.....     3%          2    ##.....
c - Call Canine Familiar  Summ           ###.....     8%          3    ###....

Your spell library contained the following spells:

 Spells                   Type           Power        Failure   Level  Hunger
 Summon Ice Beast         Ice/Summ       ##......     56%         4    #####..
 Summon Lightning Spire   Summ/Air       ##......     56%         4    #####..
 Summon Guardian Golem    Hex/Summ       ##......     21%         3    ###....


Dungeon Overview and Level Annotations

Branches:
Dungeon (3/15)

Altars:
Makhleb
Nemelex Xobeh
Xom


Innate Abilities, Weirdness & Mutations

You cannot wear armour.
You are incapable of wielding weapons or throwing items.
Your paws allow you to move quietly. (Stealth)
You have sharp claws.
You have razor-sharp teeth.
You have supernaturally acute eyesight. (SInv)
You are carnivorous and can eat meat at any time.
You cover ground quickly.
You are covered in fur. (AC +1)
You have a slow metabolism.
Your sharp claws are effective at attacking unaware monsters.


Message History

The bullfrog completely misses you.
Unknown command.
You scratch the bullfrog.
The bullfrog is heavily wounded.
Your hound splashes around in the water.
The bullfrog closely misses you.
Your hound barely misses the bullfrog.
The bullfrog hits you!
* * * LOW HITPOINT WARNING * * *
Unknown command.
Unknown command.
You scratch the bullfrog.
The bullfrog is severely wounded.
Your hound closely misses the bullfrog.
The bullfrog completely misses you.
Unknown command.
Your hound splashes around in the water.
Unknown command.
You barely miss the bullfrog.
The bullfrog is severely wounded.
Your hound bites the bullfrog.
The bullfrog hits you.
You die...

#∩.#.≈≈#≈≈..≈≈≈≈≈≈.#≈≈≈#
#.≈#≈≈##≈≈≈#####≈≈≈##≈≈#
##.##≈.#≈≈≈## ##..≈#≈≈#
#.≈#÷≈≈#..## ##≈≈#≈≈≈
#..#≈###≈≈# #..##÷.
#.≈#≈#.≈≈##≈≈.≈≈≈≈##≈.#.≈
#≈≈#≈#∩.≈#≈.≈≈≈≈≈≈≈#≈≈#≈≈
#≈.#≈#.≈≈#≈≈≈≈..≈≈≈#≈.#≈≈
#≈≈#≈##†@#≈≈≈≈.?≈≈≈#≈≈#..
#.≈#.≈#hF#≈≈§≈(..≈≈#≈.#≈≈
#.≈#≈≈#.†#≈≈≈$[5.≈≈#≈≈#≈≈
#≈≈≈≈.#..##†.≈..≈≈##..#≈≈
#≈≈≈≈≈#.≈≈≈†.≈F≈.≈#≈≈##.≈
#.≈≈≈≈###≈≈≈≈≈≈≈≈##.≈#≈†≈
#######.###≈≈≈≈≈##≈≈≈#≈≈#
#≈≈≈≈≈#######≈≈≈##≈.#
#≈≈†≈≈≈.≈≈≈≈≈≈.≈#≈≈≈#


You could see a bullfrog and a friendly hound.

Vanquished Creatures
  A bullfrog (Sewer)
  7 oozes (Sewer)
  A dart slug (D:1)
  7 leopard geckos
  5 giant cockroaches
  2 goblins (D:3)
  2 hobgoblins
  A quokka (D:2)
  3 ball pythons (Sewer)
  3 bats
  7 frilled lizards
  2 kobolds
  7 rats
48 creatures vanquished.

Vanquished Creatures (collateral kills)
  9 adders
  4 oozes
  2 worms
  6 leopard geckos
  An orc (D:3)
  3 bats
  5 giant cockroaches
  A goblin (D:1)
  3 hobgoblins
  4 jackals (D:1)
  2 quokkas
  9 ball pythons
  7 frilled lizards
  A kobold (D:2)
  4 rats
61 creatures vanquished.

Grand Total: 109 creatures vanquished

Notes
Turn   | Place    | Note
-------+----------+-------------------------------------------
     0 | D:1      | Ekaitz the Felid Summoner began the quest for the Orb.
     0 | D:1      | Reached XP level 1. HP: 7/7 MP: 4/4
   180 | D:1      | Reached XP level 2. HP: 4/11 MP: 3/6
   184 | D:1      | Learned a level 2 spell: Call Imp
   528 | D:1      | Reached skill level 1 in Unarmed Combat
   782 | D:2      | Found a shimmering altar of Xom.
   785 | D:2      | Found a burning altar of Makhleb.
  1080 | D:2      | Reached XP level 3. HP: 10/15 MP: 4/7
  1342 | D:2      | Learned a level 3 spell: Call Canine Familiar
  1921 | D:3      | Reached skill level 1 in Fighting
  2045 | D:3      | Found a sparkling altar of Nemelex Xobeh.
  2155 | D:3      | Reached XP level 4. HP: 15/19 MP: 1/8
  2169 | D:3      | Found a glowing drain.
  2205 | Sewer    | Entered a sewer
  2815 | Sewer    | Reached XP level 5. HP: 16/22 MP: 0/9
  3409 | Sewer    | Slain by a bullfrog
  3410 | Sewer    | Reached XP level 4. HP: -4/19 MP: 1/8
  3451 | Sewer    | Killed a bullfrog
  3451 | Sewer    | Reached skill level 5 in Summonings
  3451 | Sewer    | Reached XP level 5. HP: 12/22 MP: 3/10
  3455 | Sewer    | Slain by a bullfrog

Vault maps used:
D:1:      scummos_arrival_gate
D:2:      nicolae_overflow_hidden_temple, hex_intersection
D:3:      portal_sewer_entry_a, nemelex_altar_shiori
Sewer:    sewer_frog_island_02

Skill      XL: |  1  2  3  4 |
---------------+-------------+-----
Unarmed Combat | 1 2 |  2.6
Stealth        | 3 |  3.5
Fighting       | 1 |  1.9
Dodging        | 3 |  3.3
Summonings     | 5 |  5.0
Spellcasting   | |  2.8

Action                   |  1- 3 |  4- 6 || total
-------------------------+-------+-------++-------
Melee: Unarmed           |   104 |   133 ||   237
       Bite              |     4 |    13 ||    17
       Punch             |       |     1 ||     1
 Cast: Summon Small Mamm |     9 |     1 ||    10
       Call Imp          |    21 |    16 ||    37
       Call Canine Famil |     4 |     9 ||    13
  Use: Potion            |       |     3 ||     3
 Stab: Sleeping          |     8 |     4 ||    12
       Distracted        |       |     1 ||     1
  Eat: Chunk             |    11 |     6 ||    17
Armor: Skin              |     5 |     2 ||     7
Dodge: Dodged            |    80 |   141 ||   221

Table legend:
 A = Spawn XP
 B = Non-spawn XP
 C = Spawn XP percentage of total XP
 D = Spawn monster count
 E = Non-spawn monster count
 F = Spawn count percentage of total count
 G = Total turns spent on level
                    A         B        C        D         E        F      G
               +---------+---------+-------+---------+---------+-------+---------
         Total |       0 |     329 |   0.0 |       0 |     109 |   0.0 |  3455
               +---------+---------+-------+---------+---------+-------+---------
           D:1 |       0 |      32 |   0.0 |       0 |      22 |   0.0 |   693
           D:2 |       0 |      27 |   0.0 |       0 |      10 |   0.0 |  1013
           D:3 |       0 |      46 |   0.0 |       0 |      24 |   0.0 |   499
         Sewer |       0 |     224 |   0.0 |       0 |      53 |   0.0 |  1250
               +---------+---------+-------+---------+---------+-------+---------
